cohdb
Replays
Latest Replays
All Replays
Popular Replays
Top Player Replays
Match Explorer
How It Works
Community
CoH3 Stats
Reddit
Sign in to upload your games and track your stats! →
Sign in with Steam
Match 40451794
Unlisted
Match 40451794
Overview
Messages
Build Orders
End
Kradschützen Motorcycle Team
Selects Panzerjäger Kommand Battlegroup
Selects Mine Fields
250 Light Carrier
Panzergrenadier Squad
Construct Light Support Kompanie
MG34 Team
Selects Tank Busters
Panzerjäger Squad
2.5-tonne Medical Truck
Combat Half-tracks
Panzerjäger Mechanized Group
Fire Support Elements
le.IG 18 Support Gun Team
le.IG 18 Support Gun Team
Construct Panzerarmee Kommand
Walking Stuka Rocket Launcher
Selects Defensive Positions
Panzerjäger Mechanized Group
Selects Butterfly Bomb Drop
Butterfly Bomb Drop
Walking Stuka Rocket Launcher
wado
Plaski212
PROFL
แมว ' พเนจร
code
Fitfire
Jd577
vonBurnlin
0
0
Comments
sign in to comment!
No comments posted yet!